 Dungeon Crawl Stone Soup version 0.26-a0-505-g732bf3b8d2 (webtiles) character file.

Game seed: 655791031875463359

134680 Gargoyl the Agent of Entropy (level 17, -63/135 HPs)
             Began as a Gnoll Abyssal Knight on Aug 9, 2020.
             Was a Priest of Lugonu.
             Killed from afar by a lich (92 damage)
             ... with a crystal spear
             ... on level 2 of the Abyss.
             The game lasted 00:49:24 (32735 turns).

Gargoyl the Agent of Entropy (GnAK)                Turns: 32735, Time: 00:49:25

Health: -63/135    AC: 22    Str: 17    XL:     17   Next: 17%
Magic:  28/32      EV: 22    Int: 12    God:    Lugonu [***...]
Gold:   1279       SH: 23    Dex: 39    Spells: 38/38 levels left

rFire    + + .     SeeInvis +   b - +3 hand axe of Gosete {elec, Dex+3}
rCold    . . .     Faith    .   X - +3 kite shield {rF+}
rNeg     + . .     Spirit   .   O - +3 scale mail of Owieth {Regen+ Int-5 Slay+3}
rPois    .         Reflect  +   W - +2 helmet {SInv}
rElec    +         Harm     .   w - +2 cloak of Eternal Night {*Contam Int+2 Dex+7 Stlth+}
rCorr    .                      Y - +2 pair of gloves of Existentialism {rElec Str-2 Dex+6}
MR       +....                  A - +2 pair of boots
Stlth    ++++++....             s - amulet of reflection
HPRegen  0.72/turn              F - +6 ring of dexterity
MPRegen  0.23/turn              x - ring of positive energy

@: corroded, lightly drained
A: distributed training, fangs 1, iridescent scales 2, fire resistance 1, strong
nose
a: Depart the Abyss, Bend Space, Banish, Renounce Religion


You were on level 2 of the Abyss.
You worshipped Lugonu.
Lugonu was most pleased with you.
You visited 4 branches of the dungeon, and saw 26 of its levels.
You visited the Abyss 3 times.
You also visited: Ossuary.

You collected 2819 gold pieces.
You spent 1540 gold pieces at shops.

Inventory:

Hand Weapons
 a - a +3 vampiric hand axe
 b - the +3 hand axe of Gosete (weapon) {elec, Dex+3}
   (You found it on level 6 of the Dungeon)

   Occasionally, upon striking a foe, it will discharge some electrical energy
   and cause terrible harm.
   It affects your dexterity (+3).
 z - a +0 broad axe of electrocution
 K - a +2 scimitar of flaming
 Q - a +4 war axe of electrocution
Missiles
 g - 4 silver javelins (quivered)
 R - 5 javelins
Armour
 w - the +2 cloak of Eternal Night (worn) {*Contam Int+2 Dex+7 Stlth+}
   (You found it on level 12 of the Dungeon)

   It affects your intelligence (+2).
   It affects your dexterity (+7).
   It causes magical contamination when unequipped.
   It makes you more stealthy.
 A - a +2 pair of boots (worn)
 O - the +3 scale mail of Owieth (worn) {Regen+ Int-5 Slay+3}
   (You found it on level 6 of the Lair of Beasts)

   It affects your intelligence (-5).
   It affects your accuracy and damage with ranged weapons and melee attacks
   (+3).
   It increases your rate of regeneration.
 W - a +2 helmet of see invisible (worn)
 X - a +3 kite shield of fire resistance (worn)
 Y - the +2 pair of gloves of Existentialism (worn) {rElec Str-2 Dex+6}
   (You found it on level 2 of the Elven Halls)

   It affects your strength (-2).
   It affects your dexterity (+6).
   It insulates you from electricity.
Jewellery
 h - an uncursed ring of protection from cold
 k - an uncursed amulet of the acrobat
 s - an amulet of reflection (around neck)
 x - a ring of positive energy (right hand)
 D - an uncursed ring of poison resistance
 F - a +6 ring of dexterity (left hand)
 H - an uncursed ring of see invisible
 N - an uncursed ring of flight
 U - an uncursed ring of positive energy
Wands
 d - a wand of polymorph (11)
 l - a wand of flame (54)
 v - a wand of paralysis (16)
 B - a wand of acid (25)
 C - a wand of disintegration (13)
 E - a wand of iceblast (36)
 G - a wand of digging (25)
 I - a wand of random effects (49)
 P - a wand of enslavement (8)
Scrolls
 i - 2 scrolls of fog
 m - 5 scrolls of magic mapping
 p - 5 scrolls of blinking
 q - 10 scrolls of teleportation
 t - 3 scrolls of identify
 y - 11 scrolls of remove curse
 S - a scroll of fear
Potions
 c - 7 potions of stabbing
 e - 4 potions of flight
 f - 2 potions of resistance
 j - 2 potions of brilliance
 n - 6 potions of curing
 o - 7 potions of mutation
 r - 5 potions of lignification
 u - 3 potions of ambrosia
Miscellaneous
 J - a lightning rod (4/4)
 M - a condenser vane (4/4)


   Skills:
 + Level 12.8(12.4) Fighting
 + Level 11.3(11.0) Short Blades
 + Level 11.3(11.0) Long Blades
 + Level 12.1(11.7) Axes
 + Level 11.3(11.0) Maces & Flails
 + Level 11.3(11.0) Polearms
 + Level 11.3(11.0) Staves
 + Level 11.3(11.0) Slings
 + Level 11.3(11.0) Bows
 + Level 11.3(11.0) Crossbows
 + Level 11.3(11.0) Throwing
 + Level 12.1(11.7) Armour
 + Level 11.6(11.2) Dodging
 + Level 11.3(11.0) Stealth
 + Level 11.3(11.0) Shields
 + Level 11.3(11.0) Unarmed Combat
 + Level 11.3(11.0) Spellcasting
 + Level 9.6(9.3) Conjurations
 + Level 9.6(9.3) Hexes
 + Level 9.6(9.3) Summonings
 + Level 9.6(9.3) Necromancy
 + Level 9.6(9.3) Translocations
 + Level 9.6(9.3) Transmutations
 + Level 9.6(9.3) Fire Magic
 + Level 9.6(9.3) Ice Magic
 + Level 9.6(9.3) Air Magic
 + Level 9.6(9.3) Earth Magic
 + Level 9.6(9.3) Poison Magic
 + Level 12.9(12.6) Invocations
 + Level 11.3(11.0) Evocations


You had 38 spell levels left.
You didn't know any spells.
Your spell library contained the following spells:

 Spells                   Type           Power        Failure   Level
 Animate Skeleton         Necr           ####..       1%          1
 Apportation              Tloc           ####..       1%          1
 Beastly Appendage        Tmut           ####..       1%          1
 Corona                   Hex            ####...      1%          1
 Magic Dart               Conj           ####         1%          1
 Sandblast                Erth           ####..       1%          1
 Summon Small Mammal      Summ           ####         1%          1
 Blink                    Tloc           N/A          1%          2
 Call Imp                 Summ           ####....     1%          2
 Passwall                 Tmut/Erth      ####....     1%          2
 Slow                     Hex            ####....     1%          2
 Wereblood                Tmut           ####....     1%          2
 Call Canine Familiar     Summ           ####....     3%          3
 Conjure Flame            Conj/Fire      ####....     3%          3
 Mephitic Cloud           Conj/Pois/Air  ####....     3%          3
 Spider Form              Tmut/Pois      ####......   3%          3
 Stone Arrow              Conj/Erth      ####..       3%          3
 Summon Guardian Golem    Hex/Summ       ####....     3%          3
 Animate Dead             Necr           ####......   10%         4
 Hailstorm                Conj/Ice       ####....     10%         4
 Ice Form                 Ice/Tmut       ####....     10%         4
 Petrify                  Tmut/Erth      ####....     10%         4
 Summon Ice Beast         Ice/Summ       ####....     10%         4
 Summon Lightning Spire   Summ/Air       ####....     10%         4
 Blade Hands              Tmut           ####......   28%         5
 Borgnjor's Vile Clutch   Necr/Erth      ####......   28%         5
 Lee's Rapid Deconstruct  Erth           ####......   28%         5
 Lightning Bolt           Conj/Air       ####......   28%         5
 Death Channel            Necr           ####......   83%         6
 Simulacrum               Ice/Necr       ####......   83%         6
 Spellforged Servitor     Conj/Summ      ####......   100%        7


Dungeon Overview and Level Annotations

Branches:
Dungeon (15/15)            Temple (0/1) D:6            Lair (6/6) D:9
 Shoals (0/4) Lair:3       Spider (0/4) Lair:3        Slime (0/5) Lair:6
    Orc (2/2) D:10            Elf (3/3) Orc:2        Vaults (0/5) D:14
 Depths (0/5) D:15        Ossuary (visited)

Altars:
Ashenzari
Dithmenos
Hepliaklqana
Kikubaaqudgha
Makhleb
Nemelex Xobeh
Qazlal
Trog
Xom
Yredelemnul
The Shining One
Beogh

Shops:
D:5 *   D:13 ?   D:15 [   Orc:2 *}=[   Elf:1 *   Elf:2 (}*[?   Elf:3 }

Annotations:
Lair:1 2 transporters
Orc:2 corrupted
Abyss:1 Snorg


Innate Abilities, Weirdness & Mutations

Your experience applies equally to all skills.
You have very sharp teeth.
Your uncanny sense of smell can sniff out nearby items.
You are mostly covered in iridescent scales. (AC +4)
Your flesh is heat resistant. (rF+)


Message History

You partially resist.
You feel drained. The lich touches you!
* * * LOW HITPOINT WARNING * * *
You partially resist.
You feel drained.
* * * LOW HITPOINT WARNING * * *
Unknown command.
Press: ? - help, Shift-Dir - straight line, f - lich
Aim: a lich (severely damaged, fast, magic immune)
The lich is unaffected.
You block the lich's attack.
You closely miss the lich. You bite the lich, but do no damage.
The lich is severely damaged.
The lich misses you.
You hit the lich but do no damage.
The lich is severely damaged.
The lich completely misses you.
You hit the lich but do no damage.
The lich is severely damaged.
The lich gestures at you while chanting.
The crystal spear hits you!!!!
Ouch! That really hurt!
You die...

#.# #
#.. # #
# # ∆ #
#
#####.#
#..
..#..
#.# #. .
.# ..#.
#@#. ##
# # #
#L## .#
... #
#.. . )
. .
#####.#.
. .
#.##. #.
# ### .
. . # .
.. # #


You could see a lich (fast).

Vanquished Creatures
  The ghost of Wuttagracyo the Warrior, an adept HOFi of Fedhas (Elf:2)
  Jorgrun (D:13)
  A deep elf blademaster (Elf:2)
  A deep elf sorcerer (Elf:1)
  A deep elf demonologist (Elf:1)
  4 ettins
  Josephine (D:11)
  A yaktaur captain (D:14)
  3 hydras
  2 catoblepae
  13 two-headed ogres
  24 dancing weapons
  6 centaur warriors
  10 death yaks
  Urug (D:11)
  A death knight (D:15)
  A deep troll shaman (Lair:6)
  Nergalle (Lair:3)
  9 deep elf knights
  5 deep elf archers
  4 unseen horrors
  2 phantasmal warriors (D:15)
  4 lindwurms (Lair:4)
  5 orc sorcerers
  13 ugly things
  2 orc knights (D:14)
  25 deep elf magi
  4 cyclopes
  The ghost of MrRokkomies the Slasher, a novice OpCK of Xom (D:4)
  A manticore (D:11)
  3 black mambas
  16 elephants
  A kobold demonologist (D:12)
  A centaur skeleton (D:13)
  A gargoyle (D:15)
  10 cane toads
  2 yaktaurs (D:14)
  2 efreet
  5 komodo dragons
  3 rime drakes
  A tengu conjurer (D:15)
  3 polar bears
  2 merfolk (Lair:3)
  11 trolls
  A troll (shapeshifter) (D:15)
  A hornet (D:10)
  4 blink frogs (Lair:6)
  6 hippogriffs
  5 dream sheep (Lair:5)
  A slime creature (Lair:6)
  A meliai zombie (D:14)
  A spriggan (Lair:2)
  2 water elementals
  2 air elementals
  3 hogs (Elf:1)
  7 wraiths
  3 wyverns
  A vampire (D:14)
  17 yaks
  4 basilisks
  2 vampire mosquitoes (D:15)
  3 wargs
  10 water moccasins
  4 porcupines
  18 orc warriors
  6 phantoms
  4 sky beasts
  3 ice beasts
  3 black bears
  16 wolves
  16 centaurs
  2 eyes of draining
  11 ogres
  A small abomination (Abyss:1)
  16 crocodiles
  2 big kobolds
  An elf zombie (Ossuary)
  17 bullfrogs
  2 earth elementals (Elf:3)
  5 scorpions
  6 killer bees (D:11)
  17 wights
  2 howler monkeys
  2 electric eels (Lair:3)
  A bullfrog zombie (D:12)
  A quasit (D:6)
  5 centaur zombies
  9 human zombies (Ossuary)
  6 hounds
  7 jellies
  2 gnoll shamans
  18 orc priests
  3 bullfrog skeletons
  16 orc wizards
  7 iguanas
  14 worker ants
  A hound zombie (D:8)
  4 mummies
  11 gnolls
  12 adders
  2 shadow imps
  3 white imps
  2 ufetubi
  2 oozes
  An adder skeleton (D:4)
  4 adder zombies
  2 worms
  A dart slug (D:2)
  10 leopard geckos
  68 orcs
  3 ball pythons (D:4)
  5 bats
  5 giant cockroaches
  7 goblins
  2 hobgoblins (D:1)
  15 jackals
  6 quokkas
  2 frilled lizards (D:1)
  20 kobolds
  2 leopard gecko skeletons
  A leopard gecko zombie (D:6)
  8 rats
  5 fungi
  5 plants
735 creatures vanquished.

Vanquished Creatures (others)
  Kirke (Elf:1)
  6 hydras
  5 orc high priests (Orc:2)
  A hell knight (D:14)
  A deep elf mage (Elf:2)
  6 orc knights (Orc:2)
  An orc sorcerer (Orc:2)
  An oklob plant (Lair:5)
  A troll (Orc:2)
  A human (Elf:1)
  21 orc warriors (Orc:2)
  An ogre (Orc:2)
  22 orc priests
  15 orcs (Orc:2)
  6 fungi
  6 plants (Lair:5)
  11 starspawn tentacles (Orc:2)
106 creatures vanquished.

Grand Total: 841 creatures vanquished

Notes
Turn   | Place    | Note
-------+----------+-------------------------------------------
     0 | Abyss:1  | Gargoyl the Gnoll Abyssal Knight began the quest for the
                  | Orb.
     0 | Abyss:1  | Reached XP level 1. HP: 23/23 MP: 3/3
    21 | Abyss:2  | Noticed an ancient zyme
    26 | Abyss:2  | Noticed a large abomination
    37 | Abyss:3  | Found a transporter.
    56 | Abyss:3  | Gained mutation: Your flesh is heat resistant. (rF+)
                  | [potion of mutation]
    56 | Abyss:3  | Gained mutation: You are partially covered in iridescent
                  | scales. (AC +2) [potion of mutation]
    56 | Abyss:3  | Gained mutation: You are mostly covered in iridescent
                  | scales. (AC +4) [potion of mutation]
    56 | Abyss:3  | Gained mutation: Your muscles are strong. (Str +2) [potion
                  | of mutation]
    57 | Abyss:3  | Noticed a thrashing horror
    60 | Abyss:3  | Noticed a small abomination
    62 | Abyss:3  | Noticed a wretched star
    68 | D:1      | Escaped the Abyss
   127 | D:1      | Reached * piety under Lugonu
   191 | D:1      | Reached XP level 2. HP: 26/29 MP: 5/5
   948 | D:1      | Reached XP level 3. HP: 33/35 MP: 6/6
  1780 | D:2      | Reached ** piety under Lugonu
  1780 | D:2      | Reached skill level 1 in Short Blades
  1780 | D:2      | Reached skill level 1 in Long Blades
  1780 | D:2      | Reached skill level 1 in Maces & Flails
  1780 | D:2      | Reached skill level 1 in Polearms
  1780 | D:2      | Reached skill level 1 in Staves
  1780 | D:2      | Reached skill level 1 in Slings
  1780 | D:2      | Reached skill level 1 in Bows
  1780 | D:2      | Reached skill level 1 in Crossbows
  1780 | D:2      | Reached skill level 1 in Throwing
  1780 | D:2      | Reached skill level 1 in Stealth
  1780 | D:2      | Reached skill level 1 in Shields
  1780 | D:2      | Reached skill level 1 in Unarmed Combat
  1780 | D:2      | Reached skill level 1 in Spellcasting
  1780 | D:2      | Reached skill level 1 in Evocations
  1941 | D:2      | Found a hazy altar of Hepliaklqana.
  1942 | D:2      | Found a shadowy altar of Dithmenos.
  1942 | D:2      | Noticed a shadow
  2019 | D:3      | Found a basalt altar of Yredelemnul.
  2024 | D:3      | Found a glowing golden altar of the Shining One.
  2024 | D:3      | Noticed a phantom
  2028 | D:3      | Reached XP level 4. HP: 41/41 MP: 7/7
  2046 | D:3      | Killed a phantom
  2046 | D:3      | Reached skill level 1 in Conjurations
  2046 | D:3      | Reached skill level 1 in Hexes
  2046 | D:3      | Reached skill level 1 in Summonings
  2046 | D:3      | Reached skill level 1 in Necromancy
  2046 | D:3      | Reached skill level 1 in Translocations
  2046 | D:3      | Reached skill level 1 in Transmutations
  2046 | D:3      | Reached skill level 1 in Fire Magic
  2046 | D:3      | Reached skill level 1 in Ice Magic
  2046 | D:3      | Reached skill level 1 in Air Magic
  2046 | D:3      | Reached skill level 1 in Earth Magic
  2046 | D:3      | Reached skill level 1 in Poison Magic
  2046 | D:3      | Reached XP level 5. HP: 30/47 MP: 8/8
  2260 | D:3      | Noticed an ogre
  2270 | D:3      | Killed an ogre
  2270 | D:3      | Reached skill level 5 in Invocations
  2270 | D:3      | Reached XP level 6. HP: 38/53 MP: 9/9
  2738 | D:4      | Reached skill level 5 in Axes
  2738 | D:4      | Reached skill level 5 in Armour
  2813 | D:4      | HP: 2/79 [orc priest/divine providence (14)]
  3087 | D:4      | You fall into a shaft and drop 3 floors!
  3111 | D:7      | Reached XP level 7. HP: 57/59 MP: 10/10
  3351 | D:5      | Entered Level 5 of the Dungeon
  3368 | D:5      | Found a shattered altar of Ashenzari.
  3371 | D:5      | Found Conymmi's General Store.
  3465 | D:5      | Found a sand-covered staircase.
  3478 | Ossuary  | Entered an ossuary
  3668 | Ossuary  | Reached XP level 8. HP: 67/67 MP: 12/12
  3859 | Ossuary  | Reached *** piety under Lugonu
  4031 | D:5      | Bought a potion of curing for 42 gold pieces
  4031 | D:5      | Bought a potion of curing for 42 gold pieces
  4256 | D:4      | Found a runed translucent door.
  4258 | D:4      | Noticed MrRokkomies's ghost (novice OpCK)
  4301 | D:4      | Killed MrRokkomies's ghost
  4301 | D:4      | Reached XP level 9. HP: 26/72 MP: 14/14
  5545 | D:5      | Reached **** piety under Lugonu
  5611 | D:5      | Found a shimmering altar of Xom.
  5950 | D:6      | Got a pitted hand axe
  5951 | D:6      | Identified the +3 hand axe of Gosete {elec, Dex+3} (You
                  | found it on level 6 of the Dungeon)
  5988 | D:6      | Reached skill level 5 in Dodging
  6131 | D:6      | Got a steaming ring mail
  6142 | D:6      | Identified the +4 ring mail of the Komodo Dragon {+Blink
                  | Str+5} (You found it on level 6 of the Dungeon)
  6827 | D:6      | Found a stormy altar of Qazlal.
  6830 | D:6      | Found a bloodstained altar of Trog.
  6833 | D:6      | Found a sparkling altar of Nemelex Xobeh.
  6906 | D:6      | Found a staircase to the Ecumenical Temple.
  8165 | D:8      | Reached XP level 10. HP: 80/80 MP: 17/17
  8356 | D:8      | Reached skill level 5 in Short Blades
  8356 | D:8      | Reached skill level 5 in Long Blades
  8356 | D:8      | Reached skill level 5 in Maces & Flails
  8356 | D:8      | Reached skill level 5 in Polearms
  8356 | D:8      | Reached skill level 5 in Staves
  8356 | D:8      | Reached skill level 5 in Slings
  8356 | D:8      | Reached skill level 5 in Bows
  8356 | D:8      | Reached skill level 5 in Crossbows
  8356 | D:8      | Reached skill level 5 in Throwing
  8356 | D:8      | Reached skill level 5 in Stealth
  8356 | D:8      | Reached skill level 5 in Shields
  8356 | D:8      | Reached skill level 5 in Unarmed Combat
  8356 | D:8      | Reached skill level 5 in Spellcasting
  8356 | D:8      | Reached skill level 5 in Evocations
  8456 | D:8      | Noticed a two-headed ogre
  8480 | D:8      | Killed a two-headed ogre
  9249 | D:9      | Reached ***** piety under Lugonu
  9432 | D:9      | Found a burning altar of Makhleb.
  9768 | D:9      | Found a staircase to the Lair.
 10002 | D:9      | Found an ancient bone altar of Kikubaaqudgha.
 10155 | Lair:1   | Entered Level 1 of the Lair of Beasts
 10181 | Lair:1   | Found a transporter.
 10546 | Lair:1   | Noticed a cane toad
 10558 | Lair:1   | Noticed a cane toad
 10573 | Lair:1   | Reached XP level 11. HP: 70/87 MP: 19/19
 10601 | Lair:1   | Reached skill level 5 in Conjurations
 10601 | Lair:1   | Reached skill level 5 in Hexes
 10601 | Lair:1   | Reached skill level 5 in Summonings
 10601 | Lair:1   | Reached skill level 5 in Necromancy
 10601 | Lair:1   | Reached skill level 5 in Translocations
 10601 | Lair:1   | Reached skill level 5 in Transmutations
 10601 | Lair:1   | Reached skill level 5 in Fire Magic
 10601 | Lair:1   | Reached skill level 5 in Ice Magic
 10601 | Lair:1   | Reached skill level 5 in Air Magic
 10601 | Lair:1   | Reached skill level 5 in Earth Magic
 10601 | Lair:1   | Reached skill level 5 in Poison Magic
 10798 | Lair:1   | Found a transporter.
 10868 | Lair:1   | Noticed a five-headed hydra
 10869 | Lair:1   | You fall into a shaft and drop 1 floor!
 11449 | Lair:2   | You fall into a shaft and drop 2 floors!
 11450 | Lair:4   | Noticed a seven-headed hydra
 11479 | Lair:4   | Banished an eight-headed hydra
 11945 | Lair:3   | Noticed Nergalle
 11961 | Lair:3   | Killed Nergalle
 12438 | Lair:3   | Reached XP level 12. HP: 50/96 MP: 22/22
 12686 | Lair:3   | Found a hole to the Spider Nest.
 13061 | Lair:2   | Noticed a five-headed hydra
 13065 | Lair:2   | Banished a five-headed hydra
 13514 | Lair:3   | Found a staircase to the Shoals.
 14628 | Lair:4   | Noticed a four-headed hydra
 14666 | Lair:4   | Banished a 19-headed hydra
 15208 | Lair:4   | Noticed an eight-headed hydra
 15210 | Lair:4   | Banished an eight-headed hydra
 15382 | Lair:4   | Noticed a death yak
 15384 | Lair:4   | Noticed a death yak
 15384 | Lair:4   | Noticed a death yak
 15398 | Lair:4   | Killed a death yak
 15401 | Lair:4   | Killed a death yak
 15401 | Lair:4   | Reached skill level 10 in Fighting
 15408 | Lair:4   | Killed a death yak
 15665 | Lair:4   | Noticed Snorg
 15679 | Lair:4   | Banished Snorg
 16534 | Lair:4   | Reached XP level 13. HP: 84/103 MP: 24/24
 17162 | Lair:5   | Reached skill level 10 in Invocations
 18500 | Lair:6   | Entered Level 6 of the Lair of Beasts
 18771 | Lair:6   | Got a bronze scale mail
 18772 | Lair:6   | Identified the +3 scale mail of Owieth {Regen+ Int-5
                  | Slay+3} (You found it on level 6 of the Lair of Beasts)
 18949 | Lair:6   | Found a staircase to the Slime Pits.
 19245 | Lair:6   | Reached XP level 14. HP: 87/111 MP: 26/26
 19307 | Lair:6   | Reached skill level 10 in Axes
 19307 | Lair:6   | Reached skill level 10 in Armour
 19445 | Lair:6   | HP: 4/111 [death yak (9)]
 20047 | D:10     | Entered Level 10 of the Dungeon
 20159 | D:10     | Found a staircase to the Orcish Mines.
 20753 | D:10     | Identified the +5 hand axe of the World {vorpal, Fragile
                  | Dex+3}
 21039 | D:11     | Noticed Josephine
 21056 | D:11     | Killed Josephine
 21549 | D:11     | Noticed Urug
 21566 | D:11     | Killed Urug
 22504 | D:12     | Got an ichor-stained cloak
 22642 | D:12     | Identified the +2 cloak of Eternal Night {*Contam Int+2
                  | Dex+7 Stlth+} (You found it on level 12 of the Dungeon)
 22683 | D:13     | Noticed Jorgrun
 22712 | D:13     | Killed Jorgrun
 22712 | D:13     | Reached skill level 10 in Dodging
 22920 | D:13     | Reached XP level 15. HP: 119/119 MP: 28/28
 23157 | D:13     | Found Leanloul's Magic Scroll Boutique.
 23228 | D:13     | Bought a scroll of enchant weapon for 127 gold pieces
 23228 | D:13     | Bought a scroll of teleportation for 51 gold pieces
 23228 | D:13     | Bought a scroll of teleportation for 51 gold pieces
 23228 | D:13     | Bought a scroll of enchant armour for 127 gold pieces
 24134 | D:14     | Found a gate to the Vaults.
 24349 | D:13     | Reached skill level 10 in Short Blades
 24349 | D:13     | Reached skill level 10 in Long Blades
 24349 | D:13     | Reached skill level 10 in Maces & Flails
 24349 | D:13     | Reached skill level 10 in Polearms
 24349 | D:13     | Reached skill level 10 in Staves
 24349 | D:13     | Reached skill level 10 in Slings
 24349 | D:13     | Reached skill level 10 in Bows
 24349 | D:13     | Reached skill level 10 in Crossbows
 24349 | D:13     | Reached skill level 10 in Throwing
 24349 | D:13     | Reached skill level 10 in Stealth
 24349 | D:13     | Reached skill level 10 in Shields
 24349 | D:13     | Reached skill level 10 in Unarmed Combat
 24349 | D:13     | Reached skill level 10 in Spellcasting
 24349 | D:13     | Reached skill level 10 in Evocations
 24740 | D:14     | Reached ****** piety under Lugonu
 25061 | D:15     | Entered Level 15 of the Dungeon
 25857 | D:15     | Found Noenyn's Antique Armour Shoppe.
 26114 | D:15     | Bought a shiny helmet for 225 gold pieces
 26124 | D:15     | Bought a glowing helmet for 225 gold pieces
 26200 | D:15     | Found a staircase to the Depths.
 26867 | Orc:1    | Entered Level 1 of the Orcish Mines
 26884 | Orc:1    | Reached XP level 16. HP: 104/127 MP: 30/30
 27315 | Orc:2    | Entered Level 2 of the Orcish Mines
 27524 | Orc:2    | Escaped the Abyss
 27525 | Orc:2    | Corrupted Orc:2
 27525 | Orc:2    | Noticed a tentacled starspawn
 27525 | Orc:2    | Noticed a tentacled starspawn
 27529 | Orc:2    | Lost mutation: Your muscles are strong. (Str +2) [a
                  | neqoxec]
 27534 | Orc:2    | Noticed a tentacled starspawn
 27541 | Orc:2    | Noticed a tentacled starspawn
 27831 | Orc:2    | Found a staircase to the Elven Halls.
 27876 | Orc:2    | Found a roughly hewn altar of Beogh.
 28380 | Orc:2    | Found Ushiskask's Jewellery Boutique.
 28383 | Orc:2    | Found Hatwurch's Gadget Shop.
 28384 | Orc:2    | Found Vumol's Antique Armour Boutique.
 28385 | Orc:2    | Found Cocellu's Assorted Antiques.
 28388 | Orc:2    | Bought a glowing kite shield for 232 gold pieces
 28447 | Elf:1    | Entered Level 1 of the Elven Halls
 28574 | Elf:1    | Noticed an Executioner
 28738 | Elf:1    | Identified the Compendium of Confrontation
 28978 | Elf:1    | Noticed Kirke
 29000 | Elf:1    | Killed Kirke
 29163 | Elf:1    | Found Ynwissom's Assorted Antiques.
 29224 | Elf:1    | Bought a scroll of blinking for 202 gold pieces
 29467 | Elf:2    | Found Samaka's Antique Weapon Shop.
 29711 | Elf:2    | Found a runed translucent gate.
 29711 | Elf:2    | Found a runed translucent gate.
 29711 | Elf:2    | Found a runed translucent gate.
 29732 | Elf:2    | Found Ysuqun's Gadget Boutique.
 29734 | Elf:2    | Found Nedeygri's General Store.
 29795 | Elf:2    | Found Nuliagek's Armour Shoppe.
 29801 | Elf:2    | Got a pair of scorched gloves
 29812 | Elf:2    | Identified the +2 pair of gloves of Existentialism {rElec
                  | Str-2 Dex+6} (You found it on level 2 of the Elven Halls)
 29822 | Elf:2    | Found a runed translucent door.
 29823 | Elf:2    | Found Gairaemu's Magic Scroll Shop.
 29823 | Elf:2    | Noticed Wuttagracyo's ghost (adept HOFi)
 30145 | Elf:2    | Bought a scroll of teleportation for 48 gold pieces
 30145 | Elf:2    | Bought a scroll of teleportation for 48 gold pieces
 30145 | Elf:2    | Bought a scroll of enchant armour for 120 gold pieces
 30349 | Elf:2    | Killed Wuttagracyo's ghost
 30872 | Elf:2    | Noticed a deep elf blademaster
 30894 | Elf:2    | Killed a deep elf blademaster
 31644 | Elf:2    | Reached XP level 17. HP: 73/135 MP: 10/32
 32032 | Elf:3    | Entered Level 3 of the Elven Halls
 32093 | Elf:3    | Found Extyemad's Gadget Emporium.
 32633 | Elf:3    | Cast into level 2 of the Abyss (a deep elf demonologist)
 32706 | Abyss:2  | Noticed a lich
 32735 | Abyss:2  | Killed from afar by a lich

Illustrated notes

Levels and vault maps discovered:
D:1:      dpeg_arrival_shelter, layout_basic, st_stairs_5, minmay_cupped
D:2:      layout_basic, riverfiend_overflow_shadow_ancestor
D:3:      layout_loops_ring, grunt_temple_overflow_holy_war
D:4:      layout_basic, portal_sewer_entry_b, ebering_ghost_sewer_d
D:5:      layout_basic, tgw_xom, gup_ossuary_entry_pyramid, serial_shops,
          nicolae_shop_crystal, serial_curves, eino_curves_01, eino_curves_01,
          serial_park_tiny_pond, evilmike_ruin_ashenzari
D:6:      kennysheep_six_static_rooms, layout_layer_cave,
          grunt_temple_overflow_diamond, minmay_temple_entry_slanted
D:7:      layout_cave_pods, chequers_serial_rivers_small_b
D:8:      layout_loops_ring
D:9:      layout_roguey, kennysheep_mini, lemuel_coloured_pillars_altar,
          lair_entry_dummy
D:10:     layout_basic, david_orc_3
D:11:     layout_basic, corner_web_ring, uniq_urug, uniq_josephine
D:12:     layout_roguey, amethyst_killhole, grunt_tough_drop
D:13:     layout_basic, serial_shops,
          nicolae_shop_temple_entry_statues_fountains, uniq_jorgrun
D:14:     layout_basic, david_vaults_2, portal_ice_cave_entry_pillars_1
D:15:     hangedman_depths_entry_civil_slaughter, layout_cave_pools,
          minmay_misc_feat_cross, serial_shops, nicolae_shop_trees,
          wad_mini_maze
Lair:1:   gammafunk_cloud_chamber, layout_chaotic_city, grunt_megastairs_5,
          lemuel_fruit_tree
Lair:2:   layout_big_grid, grunt_forest_stairs_clearing, serial_bayou_shore_b
Lair:3:   layout_chaotic_city, elwin_shoals_entry_rooms, dummy_spider_entry,
          infiniplex_staircase_pool, uniq_nergalle
Lair:4:   layout_regular_city, minmay_lindwurm_lava, uniq_snorg
Lair:5:   layout_roguey, serial_bayou_pond_c
Lair:6:   grunt_lair_end_beastmaster, layout_misc_corridors,
          minmay_slime_entry_pillars
Orc:1:    layout_caves, mines2_lemuel
Orc:2:    st_orc_pillars, layout_diamond_mine, basic_altar
Elf:1:    layout_geoelf_octagon, serial_shops, shop, minmay_elf_annihilation,
          uniq_kirke
Elf:2:    layout_gridlike, serial_shops, shop_statue, nicolae_shop_stone, shop,
          shop, nicolae_shop_temple_entry_statues_fountains,
          gammafunk_ghost_grave, nicolae_elf_glass_and_crystal_pillar_2
Elf:3:    elf_hall_gauntlet_narrow, layout_geoelf_diagonals, serial_shops,
          shop_statue
Abyss:2:  base: Depths:1, evilmike_abyss_exit_chaos

Skill      XL: |  1  2  3  4  5  6  7  8  9 10 11 12 13 14 15 16 |
---------------+-------------------------------------------------+-----
Short Blades   | 1 2 3 4 5 6 7 8 9 10 11 | 11.3
Long Blades    | 1 2 3 4 5 6 7 8 9 10 11 | 11.3
Maces & Flails | 1 2 3 4 5 6 7 8 9 10 11 | 11.3
Polearms       | 1 2 3 4 5 6 7 8 9 10 11 | 11.3
Staves         | 1 2 3 4 5 6 7 8 9 10 11 | 11.3
Slings         | 1 2 3 4 5 6 7 8 9 10 11 | 11.3
Bows           | 1 2 3 4 5 6 7 8 9 10 11 | 11.3
Crossbows      | 1 2 3 4 5 6 7 8 9 10 11 | 11.3
Throwing       | 1 2 3 4 5 6 7 8 9 10 11 | 11.3
Stealth        | 1 2 3 4 5 6 7 8 9 10 11 | 11.3
Shields        | 1 2 3 4 5 6 7 8 9 10 11 | 11.3
Unarmed Combat | 1 2 3 4 5 6 7 8 9 10 11 | 11.3
Spellcasting   | 1 2 3 4 5 6 7 8 9 10 11 | 11.3
Evocations     | 1 2 3 4 5 6 7 8 9 10 11 | 11.3
Conjurations   | 1 2 3 4 5 6 7 8 9 |  9.6
Hexes          | 1 2 3 4 5 6 7 8 9 |  9.6
Summonings     | 1 2 3 4 5 6 7 8 9 |  9.6
Necromancy     | 1 2 3 4 5 6 7 8 9 |  9.6
Translocations | 1 2 3 4 5 6 7 8 9 |  9.6
Transmutations | 1 2 3 4 5 6 7 8 9 |  9.6
Fire Magic     | 1 2 3 4 5 6 7 8 9 |  9.6
Ice Magic      | 1 2 3 4 5 6 7 8 9 |  9.6
Air Magic      | 1 2 3 4 5 6 7 8 9 |  9.6
Earth Magic    | 1 2 3 4 5 6 7 8 9 |  9.6
Poison Magic   | 1 2 3 4 5 6 7 8 9 |  9.6
Dodging        | 3 4 5 6 7 8 9 10 11 | 11.6
Invocations    | 5 6 7 8 9 10 11 12 | 12.9
Axes           | 5 6 7 8 9 10 11 12 | 12.1
Armour         | 5 6 7 8 9 10 11 12 | 12.1
Fighting       | 7 8 9 10 11 12 | 12.8

Action                   |  1- 3 |  4- 6 |  7- 9 | 10-12 | 13-15 | 16-18 || total
-------------------------+-------+-------+-------+-------+-------+-------++-------
Melee: Hand axe          |    98 |    81 |   509 |   564 |  1078 |   989 ||  3319
       Bite              |     8 |     4 |    76 |    99 |   284 |   250 ||   721
       Scimitar          |       |       |       |       |    13 |       ||    13
Throw: Boomerang         |       |       |     8 |       |       |       ||     8
       Javelin           |       |       |       |       |     4 |     1 ||     5
Invok: Depart the Abyss  |     1 |       |       |       |       |     1 ||     2
       Banish            |       |       |       |     9 |    12 |    16 ||    37
       Bend Space        |       |       |       |       |       |     3 ||     3
       Corrupt           |       |       |       |       |       |     1 ||     1
       Enter the Abyss   |       |       |       |       |       |     1 ||     1
Evoke: Wand              |       |       |       |     4 |       |     2 ||     6
  Use: Scroll            |     8 |     5 |     8 |     3 |    23 |     9 ||    56
       Potion            |     1 |     3 |       |     6 |     5 |     9 ||    24
 Stab: Sleeping          |     1 |       |     9 |    10 |    21 |    19 ||    60
       Distracted        |       |       |       |     2 |     2 |     1 ||     5
       Paralysed         |       |       |       |    14 |       |       ||    14
       Petrified         |       |       |       |       |     6 |       ||     6
       Petrifying        |       |       |       |       |     2 |       ||     2
Armor: Leather armour    |    23 |       |       |       |       |       ||    23
       Ring mail         |    20 |    30 |   156 |   186 |    91 |       ||   483
       Skin              |       |     9 |       |       |       |       ||     9
       Scale mail        |       |       |       |       |   250 |   172 ||   422
Dodge: Dodged            |    58 |    39 |   246 |   399 |   861 |   271 ||  1874
Block: Buckler           |    17 |    11 |    91 |   185 |   608 |    93 ||  1005
       Reflection        |       |       |       |       |    17 |    22 ||    39
       Kite shield       |       |       |       |       |       |   571 ||   571
       Rpst.: Scimitar   |       |       |       |       |     3 |       ||     3

Table legend: (Time is in decaauts)
 A = Elapsed time spent in this place.
 B = Non-inter-level travel time spent in this place.
 C = Inter-level travel time spent in this place.
 D = Time resting spent in this place.
 E = Time spent auto-exploring this place.
 F = Levels seen in this place.
 G = Mean time per level.
                   A        B        C        D        E       F      G
               +--------+--------+--------+--------+--------+-----+--------+
         Total |  32242 |  31145 |   1097 |   8559 |  15570 |  32 | 1007.6 |
       Dungeon |  16283 |  15636 |    647 |   2856 |   9219 |  15 | 1085.5 |
          Lair |   9803 |   9493 |    310 |   4132 |   3810 |   6 | 1633.8 |
  Orcish Mines |   1379 |   1331 |     48 |    247 |    748 |   2 |  689.5 |
   Elven Halls |   3931 |   3839 |     92 |    928 |   1647 |   3 | 1310.3 |
         Abyss |    330 |    330 |      0 |    151 |    108 |   5 |   66.0 |
       Ossuary |    514 |    514 |      0 |    245 |     37 |   1 |  514.0 |
               +--------+--------+--------+--------+--------+-----+--------+

Top non-repeatable levels by time:
  Lair:4: 2874 daAuts
   Elf:2: 2261 daAuts
  Lair:3: 2219 daAuts
    D:13: 1680 daAuts
  Lair:5: 1488 daAuts
     D:4: 1475 daAuts
  Lair:6: 1386 daAuts
    D:15: 1250 daAuts
     D:1: 1239 daAuts
     D:7: 1237 daAuts
     D:6: 1231 daAuts
    D:14: 1132 daAuts
  Lair:2: 1098 daAuts
   Elf:1: 1097 daAuts
     D:8: 1097 daAuts
